TOP OF THE 1ST |
Vancouver Canadians batting - Pitching for Salem-Keizer Volcanoes : RHP Andrew Bailey
|
Pitching: RHP Andrew Bailey
|
|
Batting: SHB Ruben Mora
|
0-0: Ball 1-0: Swinging Strike 1-1: Ground out 6-3 (Groundball, 6, EV 101.3 MPH)
|
Batting: LHB Tonys Gutierrez
|
0-0: Called Strike 0-1: Called Strike 0-2: Ball 1-2: SINGLE (Line Drive, 7S, EV 105.6 MPH)
|
Batting: SHB Alexi Casilla
|
0-0: SINGLE (Line Drive, 89S, EV 85.0 MPH) Tonys Gutierrez to second Runner from 2nd tries for 3rd, SAFE, throw by CF made to third
|
Batting: RHB Jonathan Lee
|
0-0: Called Strike Alexi Casilla steals 2nd base 0-1: Ground out 5-3 (Groundball, 56, EV 106.3 MPH) Tonys Gutierrez scores Alexi Casilla to third
|
Batting: RHB Kevin Cash
|
0-0: Called Strike 0-1: Ball 1-1: Swinging Strike 1-2: Strikes out looking
|
Top of the 1st over - 1 run, 2 hits, 0 errors, 1 left on base; Vancouver 1 - Salem-Keizer 0 |
BOTTOM OF THE 1ST |
Salem-Keizer Volcanoes batting - Pitching for Vancouver Canadians : RHP Justin Mallett
|
Pitching: RHP Justin Mallett
|
|
Batting: SHB Shelby Ford
|
0-0: Ball 1-0: Ball 2-0: Called Strike 2-1: SOLO HOME RUN (Flyball, 9LD, EV 96.9 MPH), Distance : 345 ft
|
Batting: LHB Leyson Septimo
|
0-0: Called Strike 0-1: Called Strike 0-2: Ground out 3-1 (Groundball, 34S, EV 79.4 MPH)
|
Batting: RHB Matt Antonelli
|
0-0: Ball 1-0: Ball 2-0: Ball 3-0: Called Strike 3-1: SINGLE (Groundball, 4MD, EV 106.3 MPH)
|
Batting: RHB Jared Goedert
|
0-0: Fly out, F7 (Flyball, 7, EV 84.4 MPH)
|
Batting: RHB Will Henderson
|
0-0: Foul Ball, location: 23F 0-1: Ball 1-1: Ball Matt Antonelli steals 2nd base 2-1: DOUBLE (Flyball, 89D, EV 110.0 MPH) Matt Antonelli scores
|
Batting: LHB Nathan Warrick
|
0-0: Called Strike 0-1: Swinging Strike 0-2: Fly out, F8 (Line Drive, 8LM, EV 96.9 MPH)
|
Bottom of the 1st over - 2 runs, 3 hits, 0 errors, 1 left on base; Vancouver 1 - Salem-Keizer 2 |
TOP OF THE 2ND |
Vancouver Canadians batting - Pitching for Salem-Keizer Volcanoes : RHP Andrew Bailey
|
Batting: LHB Steven Sherman
|
0-0: SINGLE (Line Drive, 8LS, EV 85.6 MPH)
|
Batting: SHB Jonathan Herrera
|
0-0: Fly out, F4 (Popup, 4MD, EV 53.1 MPH)
|
Batting: SHB Freddy Sandoval
|
0-0: Foul Ball, location: 2F 0-1: Ball 1-1: Foul Ball, location: 2F 1-2: Ball 2-2: Strikes out swinging
|
Batting: LHB Joe Burke
|
0-0: Ball 1-0: Fly out, F8 (Flyball, 8LM, EV 74.4 MPH)
|
Top of the 2nd over - 0 runs, 1 hit, 0 errors, 1 left on base; Vancouver 1 - Salem-Keizer 2 |
BOTTOM OF THE 2ND |
Salem-Keizer Volcanoes batting - Pitching for Vancouver Canadians : RHP Justin Mallett
|
Batting: RHB Marshall Bernhard
|
0-0: Called Strike 0-1: Ball 1-1: Ball 2-1: Foul Ball, location: 2F 2-2: Foul Ball, location: 2F 2-2: Foul Ball, location: 7LMF 2-2: Foul Ball, location: 2F 2-2: Foul Ball, location: 9LDF 2-2: Strikes out swinging
|
Batting: RHB Chris Covington
|
0-0: Ball 1-0: Ball 2-0: Foul Ball, location: 2F 2-1: Foul Ball, location: 3F 2-2: Fly out, F7 (Line Drive, 7S, EV 94.4 MPH)
|
Batting: RHB Trey Combs
|
0-0: Ball 1-0: Foul Ball, location: 2F 1-1: Called Strike 1-2: Foul Ball, location: 3F 1-2: Strikes out swinging
|
Bottom of the 2nd over - 0 runs, 0 hits, 0 errors, 0 left on base; Vancouver 1 - Salem-Keizer 2 |
TOP OF THE 3RD |
Vancouver Canadians batting - Pitching for Salem-Keizer Volcanoes : RHP Andrew Bailey
|
Batting: SHB Ruben Mora
|
0-0: Ball 1-0: Called Strike 1-1: Foul Ball, location: 25FF 1-2: Ball 2-2: Strikes out swinging
|
Batting: LHB Tonys Gutierrez
|
0-0: Ball 1-0: Ball 2-0: Called Strike 2-1: Ball 3-1: Base on Balls
|
Batting: SHB Alexi Casilla
|
0-0: Called Strike 0-1: Ball 1-1: Called Strike 1-2: Foul Ball, location: 7LDF 1-2: Fielders Choice at 2nd, 4-6 (Groundball, 4, EV 88.1 MPH)
|
Batting: RHB Jonathan Lee
|
0-0: Ball Alexi Casilla steals 2nd base 1-0: Foul Ball, location: 2F 1-1: Called Strike 1-2: Strikes out swinging
|
Top of the 3rd over - 0 runs, 0 hits, 0 errors, 1 left on base; Vancouver 1 - Salem-Keizer 2 |
BOTTOM OF THE 3RD |
Salem-Keizer Volcanoes batting - Pitching for Vancouver Canadians : RHP Justin Mallett
|
Batting: SHB Shelby Ford
|
0-0: Swinging Strike 0-1: Foul Ball, location: 7LDF 0-2: Ball 1-2: Ball 2-2: Ground out U3 (Groundball, 3, EV 105.0 MPH)
|
Batting: LHB Leyson Septimo
|
0-0: Ball 1-0: Fly out, F8 (Flyball, 8LXD, EV 109.4 MPH)
|
Batting: RHB Matt Antonelli
|
0-0: Called Strike 0-1: Ball 1-1: Ball 2-1: Called Strike 2-2: Foul Ball, location: 2F 2-2: SINGLE (Line Drive, 4D, EV 96.9 MPH)
|
Batting: RHB Jared Goedert
|
0-0: Ball 1-0: Foul Ball, location: 5F 1-1: Called Strike 1-2: Strikes out looking
|
Bottom of the 3rd over - 0 runs, 1 hit, 0 errors, 1 left on base; Vancouver 1 - Salem-Keizer 2 |
TOP OF THE 4TH |
Vancouver Canadians batting - Pitching for Salem-Keizer Volcanoes : RHP Andrew Bailey
|
Batting: RHB Kevin Cash
|
0-0: Ball 1-0: Swinging Strike 1-1: Ball 2-1: Fly out, F3 (Line Drive, 3L, EV 73.1 MPH)
|
Batting: LHB Steven Sherman
|
0-0: Foul Ball, location: 3F 0-1: Ball 1-1: Foul Ball, location: 7LMF 1-2: Strikes out swinging
|
Batting: SHB Jonathan Herrera
|
0-0: Ball 1-0: Ball 2-0: Called Strike 2-1: Foul Ball, location: 7LSF 2-2: Hit by Pitch
|
Batting: SHB Freddy Sandoval
|
0-0: Ball Jonathan Herrera is caught stealing 2nd base 2-6
|
Top of the 4th over - 0 runs, 0 hits, 0 errors, 0 left on base; Vancouver 1 - Salem-Keizer 2 |
BOTTOM OF THE 4TH |
Salem-Keizer Volcanoes batting - Pitching for Vancouver Canadians : RHP Justin Mallett
|
Batting: RHB Will Henderson
|
0-0: Ball 1-0: Called Strike 1-1: Foul Ball, location: 5F 1-2: Ball 2-2: Fly out, F7 (Flyball, 7LSF, EV 78.8 MPH)
|
Batting: LHB Nathan Warrick
|
0-0: Called Strike 0-1: Ball 1-1: Ground out 6-3 (Groundball, 6, EV 88.1 MPH)
|
Batting: RHB Marshall Bernhard
|
0-0: Ball 1-0: Called Strike 1-1: Ball 2-1: Swinging Strike 2-2: Ground out 6-3 (Groundball, 6, EV 88.8 MPH)
|
Bottom of the 4th over - 0 runs, 0 hits, 0 errors, 0 left on base; Vancouver 1 - Salem-Keizer 2 |
TOP OF THE 5TH |
Vancouver Canadians batting - Pitching for Salem-Keizer Volcanoes : RHP Andrew Bailey
|
Batting: SHB Freddy Sandoval
|
0-0: Called Strike 0-1: SINGLE (Groundball, 34D, EV 112.5 MPH)
|
Batting: LHB Joe Burke
|
0-0: Fly out, F9 (Flyball, 89D, EV 94.4 MPH)
|
Batting: SHB Ruben Mora
|
0-0: SINGLE (Groundball, 4MD, EV 100.0 MPH) Freddy Sandoval to second
|
Batting: LHB Tonys Gutierrez
|
0-0: Called Strike 0-1: Fielders Choice at 2nd, U6 (Groundball, 4MS, EV 88.1 MPH) Freddy Sandoval to third
|
Batting: SHB Alexi Casilla
|
0-0: Foul Ball, location: 9LSF 0-1: 3-RUN HOME RUN (Flyball, 9LD, EV 96.3 MPH), Distance : 347 ft
|
Batting: RHB Jonathan Lee
|
0-0: DOUBLE (Flyball, 8RXD, EV 106.9 MPH)
|
Batting: RHB Kevin Cash
|
0-0: Ball 1-0: Ground out 6-3 (Groundball, 56, EV 101.9 MPH)
|
Top of the 5th over - 3 runs, 4 hits, 0 errors, 1 left on base; Vancouver 4 - Salem-Keizer 2 |
BOTTOM OF THE 5TH |
Salem-Keizer Volcanoes batting - Pitching for Vancouver Canadians : RHP Justin Mallett
|
Batting: RHB Chris Covington
|
0-0: Ball 1-0: Ground out 4-3 (Groundball, 4, EV 78.8 MPH)
|
Batting: RHB Trey Combs
|
0-0: SINGLE (Groundball, 6MD, EV 99.4 MPH)
|
Batting: SHB Shelby Ford
|
0-0: Ball 1-0: Ball 2-0: Foul Ball, location: 7LSF 2-1: Grounds into double play, 4-6-3 (Groundball, 4, EV 88.8 MPH)
|
Bottom of the 5th over - 0 runs, 1 hit, 0 errors, 0 left on base; Vancouver 4 - Salem-Keizer 2 |
TOP OF THE 6TH |
Vancouver Canadians batting - Pitching for Salem-Keizer Volcanoes : RHP Andrew Bailey
|
Batting: LHB Steven Sherman
|
0-0: Ball 1-0: Ball 2-0: Ball 3-0: Called Strike 3-1: Foul Ball, location: 2F 3-2: Foul Ball, location: 7LSF 3-2: Base on Balls
|
Batting: SHB Jonathan Herrera
|
0-0: Ball 1-0: Called Strike 1-1: Swinging Strike 1-2: Strikes out swinging
|
Batting: SHB Freddy Sandoval
|
0-0: Grounds into double play, 4-6-3 (Groundball, 4MS, EV 85.6 MPH)
|
Top of the 6th over - 0 runs, 0 hits, 0 errors, 0 left on base; Vancouver 4 - Salem-Keizer 2 |
BOTTOM OF THE 6TH |
Salem-Keizer Volcanoes batting - Pitching for Vancouver Canadians : RHP Justin Mallett
|
Batting: LHB Leyson Septimo
|
0-0: Called Strike 0-1: Ball 1-1: Fly out, F8 (Flyball, 8LM, EV 79.4 MPH)
|
Batting: RHB Matt Antonelli
|
0-0: Called Strike 0-1: Called Strike 0-2: Foul Ball, location: 5DF 0-2: Fly out, F6 (Popup, 6MS, EV 81.3 MPH)
|
Batting: RHB Jared Goedert
|
0-0: Ball 1-0: Ball 2-0: Ball 3-0: Called Strike 3-1: Base on Balls
|
Batting: RHB Will Henderson
|
0-0: Ball Wild Pitch! Jared Goedert to second 1-0: Called Strike 1-1: Foul Ball, location: 7LSF 1-2: Ball 2-2: Ground out 5-3 (Groundball, 56S, EV 63.1 MPH)
|
Bottom of the 6th over - 0 runs, 0 hits, 0 errors, 1 left on base; Vancouver 4 - Salem-Keizer 2 |
TOP OF THE 7TH |
Vancouver Canadians batting - Pitching for Salem-Keizer Volcanoes : RHP Andrew Bailey
|
Batting: LHB Joe Burke
|
0-0: Fly out, F9 (Flyball, 89S, EV 86.3 MPH)
|
Batting: SHB Ruben Mora
|
0-0: Foul Ball, location: 3F 0-1: Foul Ball, location: 9LMF 0-2: Ground out 5-3 (Groundball, 5, EV 83.8 MPH)
|
Batting: LHB Tonys Gutierrez
|
0-0: Called Strike 0-1: Ball 1-1: Ball 2-1: Ball 3-1: Foul Ball, location: 7LDF 3-2: Base on Balls
|
Batting: SHB Alexi Casilla
|
0-0: Ball Tonys Gutierrez is caught stealing 2nd base 2-6
|
Top of the 7th over - 0 runs, 0 hits, 0 errors, 0 left on base; Vancouver 4 - Salem-Keizer 2 |
BOTTOM OF THE 7TH |
Salem-Keizer Volcanoes batting - Pitching for Vancouver Canadians : RHP Justin Mallett
|
Pitching: RHP Lucas Harrell
|
|
Batting: LHB Nathan Warrick
|
0-0: Ball 1-0: Called Strike 1-1: Foul Ball, location: 7LDF 1-2: Ball 2-2: Ball 3-2: Foul Ball, location: 25F 3-2: Base on Balls
|
Batting: RHB Marshall Bernhard
|
0-0: Foul Ball, location: 2LF 0-1: Ball 1-1: Ball 2-1: Swinging Strike 2-2: Strikes out swinging
|
Pinch Hitting: LHB Charlie Anderson
|
0-0: Ball Nathan Warrick is caught stealing 2nd base 2-6 1-0: Ball 2-0: Foul Ball, location: 9LMF 2-1: Foul Ball, location: 7LDF 2-2: SOLO HOME RUN (Flyball, 7LD, EV 95.6 MPH), Distance : 347 ft
|
Batting: RHB Trey Combs
|
0-0: Ball 1-0: Fly out, F9 (Flyball, 89M, EV 95.6 MPH)
|
Bottom of the 7th over - 1 run, 1 hit, 0 errors, 0 left on base; Vancouver 4 - Salem-Keizer 3 |
TOP OF THE 8TH |
Vancouver Canadians batting - Pitching for Salem-Keizer Volcanoes : RHP Andrew Bailey
|
Now in RF: Charlie Anderson
|
|
Batting: SHB Alexi Casilla
|
0-0: Foul Ball, location: 5SF 0-1: Fly out, F8 (Flyball, 8LD, EV 102.5 MPH)
|
Batting: RHB Jonathan Lee
|
0-0: Foul Ball, location: 2F 0-1: Ball 1-1: Called Strike 1-2: Ball 2-2: Ground out 4-3 (Groundball, 34D, EV 96.9 MPH)
|
Batting: RHB Kevin Cash
|
0-0: Foul Ball, location: 3F 0-1: Ball 1-1: Swinging Strike 1-2: Strikes out looking
|
Top of the 8th over - 0 runs, 0 hits, 0 errors, 0 left on base; Vancouver 4 - Salem-Keizer 3 |
BOTTOM OF THE 8TH |
Salem-Keizer Volcanoes batting - Pitching for Vancouver Canadians : RHP Lucas Harrell
|
Batting: SHB Shelby Ford
|
0-0: Called Strike 0-1: Called Strike 0-2: Foul Ball, location: 3F 0-2: Strikes out swinging
|
Batting: LHB Leyson Septimo
|
0-0: Called Strike 0-1: Swinging Strike 0-2: Foul Ball, location: 5F 0-2: Hit by Pitch
|
Batting: RHB Matt Antonelli
|
0-0: Ball 1-0: Grounds into double play, 6-4-3 (Groundball, 6, EV 103.8 MPH)
|
Bottom of the 8th over - 0 runs, 0 hits, 0 errors, 0 left on base; Vancouver 4 - Salem-Keizer 3 |
TOP OF THE 9TH |
Vancouver Canadians batting - Pitching for Salem-Keizer Volcanoes : RHP Andrew Bailey
|
Pitching: RHP T.J. Franco
|
|
Batting: LHB Steven Sherman
|
0-0: Ground out U3 (Groundball, 34S, EV 70.0 MPH)
|
Batting: SHB Jonathan Herrera
|
0-0: Ball 1-0: Fly out, F3 (Line Drive, 3L, EV 61.3 MPH)
|
Batting: SHB Freddy Sandoval
|
0-0: Called Strike 0-1: Called Strike 0-2: Ball 1-2: Ball 2-2: DOUBLE (Line Drive, 7LS, EV 95.6 MPH)
|
Batting: LHB Joe Burke
|
0-0: Ball 1-0: Ball 2-0: Reached on error, E4 (Line Drive, 4D, EV 66.3 MPH) Freddy Sandoval to third
|
Batting: SHB Ruben Mora
|
0-0: Ball Wild Pitch! Freddy Sandoval scores Joe Burke to second 1-0: Foul Ball, location: 2F 1-1: Fly out, F6 (Popup, 6M, EV 74.4 MPH)
|
Top of the 9th over - 1 run, 1 hit, 1 error, 1 left on base; Vancouver 5 - Salem-Keizer 3 |
BOTTOM OF THE 9TH |
Salem-Keizer Volcanoes batting - Pitching for Vancouver Canadians : RHP Lucas Harrell
|
Batting: RHB Jared Goedert
|
0-0: Called Strike 0-1: Ball 1-1: Reached on error, E4 (Groundball, 4, EV 87.5 MPH)
|
Batting: RHB Will Henderson
|
0-0: Called Strike 0-1: Called Strike 0-2: Ball 1-2: Grounds into double play, 6-4-3 (Groundball, 6, EV 84.4 MPH)
|
Batting: LHB Nathan Warrick
|
0-0: SINGLE (Line Drive, 6MD, EV 95.6 MPH)
|
Pitching: RHP Mark Illenberg
|
|
Pinch Hitting: RHB Kurt Piantek
|
0-0: Ball 1-0: Fielders Choice at 2nd, 6-4 (Groundball, 6, EV 88.8 MPH)
|
Bottom of the 9th over - 0 runs, 1 hit, 1 error, 1 left on base; Vancouver 5 - Salem-Keizer 3 |
|